Minoru, lawful male human Samurai --.----------- |}};}......... |}}};.ad*....| --+-- |}}};;.@...... -.....| |}}{;%.......| | -----}..<----- ------ Minoru the Ninja Experience level: 7 Strength: 25 Dexterity: 14 Constitution: 18 Intelligence: 10 Wisdom: 10 Charisma: 6 Health: 0(63) Energy: 22(22) Def: 11 Gold: 670 Moves: 3279 Dungeon seed: 45gHA9SoM3Zz8671 Game ID: Minoru_1559585463 Your Inventory: Coins $ - 670 gold pieces Amulets o - a cursed amulet of restful sleep Weapons a - an uncursed corroded +0 katana (weapon in hand) b - an uncursed +2 wakizashi c - an uncursed +1 yumi (alternate weapon; not wielded) d - 44 uncursed +0 ya g - 12 uncursed +0 shuriken m - 21 uncursed +0 arrows (in quiver) x - 6 cursed -3 elven arrows M - 18 blessed +2 arrows Armor e - an uncursed rustproof +0 splint mail (being worn) y - an uncursed +0 cloak of invisibility named noncursed N - an uncursed +0 pair of gauntlets of power named noncursed (being worn) T - an uncursed +1 pair of iron shoes (being worn) U - an uncursed +0 orcish helm (being worn) Comestibles f - an uncursed fortune cookie z - an uncursed tripe ration B - an uncursed gunyoki Scrolls h - an uncursed scroll of gold detection j - an uncursed scroll of enchant armor k - 2 uncursed scrolls of identify p - a cursed scroll of teleportation t - 2 uncursed scrolls of scare monster u - an uncursed scroll of magic mapping Z - a blessed scroll of identify Spellbooks X - an uncursed spellbook of drain life Potions E - an uncursed potion of restore ability G - an uncursed potion of monster detection H - 2 uncursed potions of hallucination J - a cursed potion of enlightenment K - a blessed potion of hallucination L - an uncursed potion of confusion Tools s - an uncursed osaku Spells and supernatural/magical abilities: Name Level Category Fail Memory z - sleep 2 enchantment 100% 97% D - drain life 3 attack 100% 97% W - pray for help -- divine ? -- Your skills at the end: Miscellaneous Skills martial arts [Basic] wands [Basic] Weapon Skills short sword [Basic] long sword [Skilled] bow [Basic] shuriken [Basic] Spellcasting Skills Final Attributes: You were fervently aligned. You were fast. You are dead. Vanquished creatures: a giant mimic a small mimic a leprechaun a lizard 2 piranhas a gnome mummy 2 apes 4 soldier ants a yellow light an imp 7 Uruk-hai a rock mole 2 violet fungi a gnomish wizard a gray ooze 3 giant ants a dwarf an iguana 3 rothes 2 jitterbugs a giant bat a dwarf zombie 4 coyotes 2 gas spores 2 acid blobs 5 geckos 3 giant rats a cave spider a brown mold 3 yellow molds 2 green molds 2 red molds 3 gnomes 6 manes 6 jackals a kobold 5 newts 6 sewer rats a grid bug 3 bats a kobold zombie 96 creatures vanquished. Voluntary challenges: You did not adorn yourself with jewelry or accessories. You did not cause conflict. You did not have reflection. You were not displaced. You were an atheist. You used a wielded weapon 127 times, starting on turn 217. You did not apply a unicorn horn. You did not use plumbed fixtures. You did not drink any magical draughts. You read items or engraved 6 times, starting on turn 1251. You never genocided any monsters. You never polymorphed an object. You never changed form. You used no wishes. You never split a pudding. You never wrote Elbereth's name. You violated bushido, losing 1 point of alignment, starting on turn 2766. Dungeon overview: The Dungeons of Doom: levels 1 to 9 Level 1 a fountain a long staircase Level 2 a fountain stairs to The Gnomish Mines Level 3 some fountains Level 4 a general store, a fountain Level 5 many fountains Level 6 a general store, some fountains, a sink Level 7 Level 8 a fountain Level 9 <- You were here a fountain The Gnomish Mines: Level 3 stairs to The Dungeons of Doom History has recorded: On T:1 you entered the Dungeons of Doom to retrieve the Amulet of Yendor! On T:27 you reached level 2 of The Dungeons of Doom. On T:346 you reached level 1 of The Gnomish Mines. On T:349 you advanced to experience level 2. On T:389 you reached level 3 of The Dungeons of Doom. On T:408 you advanced to experience level 3. On T:493 you reached level 4 of The Dungeons of Doom. On T:991 you advanced to experience level 4. On T:997 you advanced to experience level 5. On T:1573 you reached level 5 of The Dungeons of Doom. On T:2054 you reached level 6 of The Dungeons of Doom. On T:2112 you advanced to experience level 6. On T:2351 you received advice from The Oracle. On T:2351 you advanced to experience level 7. On T:2480 you reached level 7 of The Dungeons of Doom. On T:2546 you reached level 8 of The Dungeons of Doom. On T:3261 you reached level 9 of The Dungeons of Doom. Score breakdown: Gold: 670 ( 67 points) Experience: 7 levels ( 600 points) Exploration: 9 levels ( 240 points) Discoveries: 17 items ( 850 points) Variety of kills: 41 monsters ( 2000 points) Major goal: (nothing yet) ( 0 points) Survival: died (score multiplied by 3) Total score: 11271 Latest messages: f - a fortune cookie. You see here 8 rocks. You displace Hachi. You stop exploring. (3x) You hack the piranha! The piranha bites! (2x) You kill the giant ant! The piranha misses. The piranha bites! (2x) The piranha misses. You kill the piranha! You hack the piranha! The piranha misses. The piranha bites! You kill the piranha! You slash the piranha! The piranha bites! The piranha misses. The piranha bites! The piranha misses. The piranha bites! (2x) You slash the giant ant! The giant ant misses. You hack the giant ant! Hachi misses the giant ant. The giant ant bites! You die... Final status: Sayonara Minoru the Samurai, killed by a giant ant... You died in The Dungeons of Doom on dungeon level 9 with 11271 points, and 670 pieces of gold, after 3279 moves. You were level 7 with a maximum of 63 hit points when you died.